[Event "Titled Tuesday Blitz February 14 Early 2023"]
[White "Oro, Faustino"]
[Black "Mushini Ajay"]
[WhiteFideId "20000197"]
[BlackFideId "35066188"]
[WhiteElo "2269"]
[BlackElo "2310"]
[Result "0-1"]
[Round "08"]
[TimeControl "180+2"]
[Date "2023.02.14"]
[WhiteClock "0:01:15"]
[BlackClock "0:00:54"]

1. d4 d5 2. Nf3 Nf6 3. g3 c6 4. Bg2 Bg4 5. O-O e6 6. c4 Nbd7 7. Nc3 Be7 8. Bf4 O-O 9. Rc1 dxc4 10. a4 Nd5 11. Bd2 b5 12. axb5 Nxc3 13. Bxc3 cxb5 14. d5 exd5 15. Qxd5 Rb8 16. Nd4 Nf6 17. Qxd8 Rbxd8 18. Nc6 Rde8 19. Nxe7+ Rxe7 20. Bb4 Rxe2 21. Bxf8 Kxf8 22. Ra1 Rxb2 23. Rxa7 c3 24. h3 Be6 25. Rd1 c2 26. Re1 Rb1 27. Ra1 Rxe1+ 28. Rxe1 b4 29. Bf1 b3 30. Bd3 Nd5 31. Ra1 Nb4 32. Ra8+ Ke7 0-1


[Site "https://www.chess.com"]

[Event "Titled Tuesday Blitz February 14 Early 2023"]
[White "Buchenau, Frank"]
[Black "Baskakov, Egor"]
[WhiteFideId "4604350"]
[BlackFideId "24197866"]
[WhiteElo "2222"]
[BlackElo "2215"]
[Result "0-1"]
[Round "08"]
[TimeControl "180+2"]
[Date "2023.02.14"]
[WhiteClock "0:00:01"]
[BlackClock "0:02:02"]

1. e4 c5 2. Nf3 Nf6 3. e5 Nd5 4. Nc3 e6 5. Ne4 Nc6 6. c4 f5 7. Nc3 Nde7 8. d4 cxd4 9. Nb5 Ng6 10. Nd6+ Bxd6 11. exd6 e5 12. Bg5 Qa5+ 13. Qd2 Qc5 14. O-O-O Qxd6 15. h4 h6 16. Be3 Qf6 17. Bg5 hxg5 18. hxg5 Qd6 19. Rxh8+ Nxh8 20. Bd3 e4 21. Rh1 Ng6 22. Bc2 d3 23. Bb3 b6 24. Nh4 Nxh4 25. Rxh4 Bb7 26. Rh8+ Ke7 27. Rh7 Rg8 28. c5 Qxc5+ 29. Kb1 d5 30. Qf4 Nd4 31. Qe5+ Ne6 32. Qxf5 d2 0-1


[Site "https://www.chess.com"]

[Event "Titled Tuesday Blitz February 14 Early 2023"]
[White "Danielyan, Vahe"]
[Black "Chernov, Mikhail"]
[WhiteFideId "13304828"]
[BlackFideId "24143170"]
[WhiteElo "2346"]
[BlackElo "2205"]
[Result "1-0"]
[Round "08"]
[TimeControl "180+2"]
[Date "2023.02.14"]
[WhiteClock "0:01:28"]
[BlackClock "0:00:06"]

1. c4 c5 2. g3 Nc6 3. Bg2 g6 4. Nc3 Bg7 5. e3 e5 6. Nge2 d6 7. O-O Nge7 8. d3 O-O 9. a3 a5 10. Rb1 Rb8 11. Nd5 Be6 12. Bd2 b5 13. Nxe7+ Nxe7 14. cxb5 Rxb5 15. Qa4 Bd7 16. Qc2 a4 17. Nc3 Rb3 18. f4 Qb6 19. Nd5 Nxd5 20. Bxd5 Be6 21. Bxe6 fxe6 22. fxe5 Bxe5 23. Qc4 d5 24. Rxf8+ Kxf8 25. Rf1+ Kg7 26. Qxa4 Rxb2 27. Bc1 Rb5 28. Qa8 Qb8 29. Qc6 Bxg3 30. Qd7+ Kh8 31. Qe7 Bxh2+ 32. Kh1 Be5 33. Rf8+ 1-0


[Site "https://www.chess.com"]

[Event "Titled Tuesday Blitz February 14 Early 2023"]
[White "Al-Tarboush, Ward"]
[Black "Babikov, Ivan"]
[WhiteFideId "7601450"]
[BlackFideId "4161106"]
[WhiteElo "2256"]
[BlackElo "2239"]
[Result "1-0"]
[Round "08"]
[TimeControl "180+2"]
[Date "2023.02.14"]
[WhiteClock "0:00:03"]
[BlackClock "0:00:52"]

1. e4 c5 2. Nf3 Nf6 3. e5 Nd5 4. Nc3 Nxc3 5. dxc3 Nc6 6. Bc4 e6 7. O-O Qc7 8. Re1 b6 9. Bf4 Bb7 10. Ng5 Na5 11. Bb5 h6 12. Nxe6 fxe6 13. Qh5+ Kd8 14. Rad1 Bc6 15. Ba6 Be7 16. Rd6 Nb7 17. Red1 Rf8 18. Qg4 Bd5 19. Bxb7 Qxb7 20. c4 Bxd6 21. cxd5 exd5 22. exd6 Qc6 23. Qxg7 Re8 24. Qf7 d4 25. f3 Qb5 26. Bxh6 Qe2 27. Rf1 Qxc2 28. Bg5+ Kc8 29. Qxe8+ Kb7 30. Qxd7+ Ka6 31. Qc6 Re8 32. Qxe8 d3 33. a4 d2 34. Qb5+ Kb7 35. Qd7+ Ka6 36. Qb5+ Kb7 37. Qe2 d1=Q 38. Qxd1 Qxb2 39. Qd5+ Ka6 40. d7 Ka5 41. d8=Q Kxa4 42. Qc4+ Ka3 43. Qdd3+ Qb3 44. Qdxb3# 1-0


[Site "https://www.chess.com"]

[Event "Titled Tuesday Blitz February 14 Early 2023"]
[White "Sourath Biswas"]
[Black "Forgacs, Attila Jr."]
[WhiteFideId "35091484"]
[BlackFideId "773654"]
[WhiteElo "2281"]
[BlackElo "2264"]
[Result "1/2-1/2"]
[Round "08"]
[TimeControl "180+2"]
[Date "2023.02.14"]
[WhiteClock "0:00:10"]
[BlackClock "0:00:05"]

1. d4 Nf6 2. Bf4 g6 3. Nc3 d5 4. e3 Bg7 5. h4 h5 6. Nf3 O-O 7. Be2 c5 8. dxc5 Qa5 9. Nd2 Qxc5 10. O-O Bf5 11. Nb3 Qc8 12. Nd4 Nc6 13. Nxf5 Qxf5 14. Bg3 Rfd8 15. Bd3 Qe6 16. Nb5 Rac8 17. Nd4 Nxd4 18. exd4 Ne4 19. Re1 Qc6 20. c3 Nxg3 21. fxg3 Qd6 22. Qf3 a6 23. Re2 b5 24. Rf1 Rf8 25. g4 hxg4 26. Qxg4 b4 27. h5 bxc3 28. hxg6 fxg6 29. Rxf8+ Rxf8 30. bxc3 Rf6 31. Qc8+ Kh7 32. Re5 Qa3 33. Kh2 Qc1 34. Qh3+ Kg8 35. Rxe7 Qf4+ 36. Qg3 Qh6+ 37. Kg1 Qc1+ 38. Re1 Qxc3 39. Qe3 Qc6 40. Qe7 Rf7 41. Qe8+ Qxe8 42. Rxe8+ Rf8 43. Re6 Rf6 44. Re7 Rf7 45. Re8+ Rf8 46. Re6 Bxd4+ 47. Kh2 Rf6 48. Re7 Rf7 49. Re6 Rf6 50. Re7 Rf7 51. Re6 Rf6 1/2-1/2


[Site "https://www.chess.com"]

[Event "Titled Tuesday Blitz February 14 Early 2023"]
[White "Cori T., Deysi"]
[Black "Mirzanurov, Bulat"]
[WhiteFideId "3801934"]
[BlackFideId "4184521"]
[WhiteElo "2362"]
[BlackElo "2232"]
[Result "1-0"]
[Round "08"]
[TimeControl "180+2"]
[Date "2023.02.14"]
[WhiteClock "0:02:07"]
[BlackClock "0:01:00"]

1. e4 c5 2. Nf3 d6 3. Bb5+ Nd7 4. O-O a6 5. Bd3 Ngf6 6. a4 g6 7. c3 Bg7 8. a5 O-O 9. Re1 e5 10. b4 cxb4 11. cxb4 Re8 12. Nc3 Nf8 13. b5 Ne6 14. Bf1 Nd4 15. h3 Bd7 16. Ba3 Re6 17. Bc4 axb5 18. Bxe6 Bxe6 19. Nxd4 exd4 20. Nxb5 d5 21. e5 Nd7 22. Bd6 d3 23. Nc7 Bf5 24. Nxa8 Qxa8 25. Qf3 Bh6 26. g4 Be4 27. Rxe4 dxe4 28. Qxe4 Qa6 29. Rc1 Bxd2 30. Rc8+ Kg7 31. Qd4 Bg5 32. e6+ Bf6 33. exd7 Bxd4 34. d8=Q Bxf2+ 35. Kg2 d2 36. Qh8+ Kh6 37. Bf4+ g5 38. Qf8+ Kg6 39. Qg8+ Kf6 40. Qxg5+ Ke6 41. Qf5+ Ke7 42. Rc7+ Kd8 43. Qd7# 1-0


[Site "https://www.chess.com"]

[Event "Titled Tuesday Blitz February 14 Early 2023"]
[White "Kopczynski, Michal"]
[Black "Rodriguez Fontecha, Marcos"]
[WhiteFideId "1124200"]
[BlackFideId "2256576"]
[WhiteElo "2225"]
[BlackElo "2309"]
[Result "1-0"]
[Round "08"]
[TimeControl "180+2"]
[Date "2023.02.14"]
[WhiteClock "0:00:22"]
[BlackClock "0:00:05"]

1. e4 e6 2. d4 d5 3. Nc3 h6 4. e5 c5 5. dxc5 Bxc5 6. f4 Nc6 7. Nf3 Qb6 8. Bd3 Nge7 9. Qe2 Bd7 10. Bd2 Qc7 11. O-O-O a6 12. Kb1 Nb4 13. g4 Nxd3 14. Qxd3 O-O-O 15. Nd4 h5 16. h3 Qb6 17. Nb3 Bb4 18. a3 Bxc3 19. Bxc3 Bb5 20. Qd2 Nc6 21. Nd4 Rd7 22. Nxc6 Qxc6 23. Qd4 Rc7 24. f5 Qd7 25. Qa7 Qe8 26. Ba5 b6 27. Qxb6 Rb7 28. Qc5+ Qc6 29. Qxc6+ Bxc6 30. fxe6 fxe6 31. g5 Rf7 32. Rhf1 Rhf8 33. Rxf7 Rxf7 34. h4 Rf4 35. Be1 Re4 36. Bg3 Re3 37. Rd3 Re2 38. Rf3 Rg2 39. Bf2 Bb5 40. Bc5 Kd7 41. Rf7+ Kc6 42. Bd4 Be2 43. Rxg7 Bd1 44. Re7 Bxc2+ 45. Kc1 Bf5 46. Ra7 Rc2+ 47. Kd1 Kb5 48. Rb7+ Ka4 49. Rb4+ 1-0


[Site "https://www.chess.com"]

[Event "Titled Tuesday Blitz February 14 Early 2023"]
[White "Delorme, Axel"]
[Black "Belov, Alexei"]
[WhiteFideId "632023"]
[BlackFideId "4128206"]
[WhiteElo "2483"]
[BlackElo "2421"]
[Result "0-1"]
[Round "08"]
[TimeControl "180+2"]
[Date "2023.02.14"]
[WhiteClock "0:00:10"]
[BlackClock "0:01:20"]

1. e4 e6 2. d4 d5 3. Nc3 Nf6 4. e5 Ne4 5. Nxe4 dxe4 6. Bc4 a6 7. Ne2 b5 8. Bb3 Bb7 9. O-O c5 10. c3 Nc6 11. Be3 Qh4 12. a4 Rd8 13. axb5 axb5 14. Qc1 Be7 15. Bc2 O-O 16. Qb1 cxd4 17. cxd4 Nb4 18. Ra7 Rd7 19. Nc3 Rc8 20. Bxe4 Bxe4 21. Qxe4 Rxa7 22. d5 Qxe4 23. Nxe4 Ra2 24. d6 Bd8 25. Bg5 Bxg5 26. Nxg5 Rca8 27. f4 Ra1 0-1


[Site "https://www.chess.com"]

[Event "Titled Tuesday Blitz February 14 Early 2023"]
[White "Valle Maytin, Luis Enrique"]
[Black "Berezin, Viktor"]
[WhiteFideId "3503666"]
[BlackFideId "14107872"]
[WhiteElo "2241"]
[BlackElo "2307"]
[Result "0-1"]
[Round "08"]
[TimeControl "180+2"]
[Date "2023.02.14"]
[WhiteClock "0:00:04"]
[BlackClock "0:00:25"]

1. e4 g6 2. d4 Bg7 3. f4 d6 4. Nf3 Nf6 5. Bd3 O-O 6. h3 Na6 7. c3 c5 8. O-O Rb8 9. Qe2 cxd4 10. cxd4 Nb4 11. Nc3 Nxd3 12. Qxd3 a6 13. Be3 b5 14. a3 b4 15. axb4 Rxb4 16. Qd2 Bb7 17. e5 Ne8 18. Rad1 Qa8 19. Nd5 Bxd5 20. Qxb4 Nc7 21. exd6 exd6 22. Qxd6 Nb5 23. Qb4 Re8 24. Qd2 Nd6 25. Rde1 Ne4 26. Qd3 Ng3 27. Rf2 Nf5 28. Rff1 Be4 29. Qc3 Bd5 30. Bd2 Rc8 31. Qd3 Bc4 32. Qe4 Bxf1 33. Kxf1 Qb8 34. Bc3 Ng3+ 35. Kf2 Nxe4+ 36. Rxe4 Qb7 37. Re2 h6 38. Rd2 Qd5 39. Re2 a5 40. Ne5 a4 41. Nf3 a3 42. Rd2 a2 43. Rd1 Qb3 44. Ra1 Rxc3 45. bxc3 Qb2+ 46. Nd2 Qxa1 47. Ke2 Qb2 48. Kd3 a1=Q 0-1


[Site "https://www.chess.com"]

[Event "Titled Tuesday Blitz February 14 Early 2023"]
[White "Alinasab, Mobina"]
[Black "Iljin, Timofey"]
[WhiteFideId "12528897"]
[BlackFideId "14110180"]
[WhiteElo "2347"]
[BlackElo "2329"]
[Result "1/2-1/2"]
[Round "08"]
[TimeControl "180+2"]
[Date "2023.02.14"]
[WhiteClock "0:00:05"]
[BlackClock "0:00:05"]

1. e4 e5 2. Nf3 Nc6 3. Bb5 a6 4. Ba4 Nf6 5. O-O b5 6. Bb3 Bc5 7. c3 d6 8. d4 Bb6 9. a4 Bg4 10. Be3 exd4 11. cxd4 Bxf3 12. gxf3 O-O 13. Nc3 Qd7 14. axb5 axb5 15. Nxb5 Qh3 16. Rxa8 Rxa8 17. Kh1 Ra5 18. Bc4 Qh5 19. Nc3 Ne7 20. Rg1 d5 21. Bd3 dxe4 22. fxe4 Qxd1 23. Nxd1 Nc6 24. Bh6 g6 25. d5 Ne5 26. Bd2 Nxd3 27. Bxa5 Bxa5 28. f3 Nh5 29. Rg2 Nhf4 30. Rc2 Kf8 31. Nf2 Nxf2+ 32. Rxf2 Ke7 33. Rc2 Kd6 34. Kg1 Ke5 35. Kf2 Kd4 36. Rc6 Nd3+ 37. Ke2 Nxb2 38. Rf6 Nd3 39. Rxf7 h5 40. Rf6 g5 41. Rf5 Nf4+ 42. Kf2 Bb6 43. h4 Kd3+ 44. Kf1 Ne2 45. Rxg5 Ke3 46. Kg2 Nf4+ 47. Kg3 Ba5 48. Rg7 Be1+ 49. Kh2 Kxf3 50. Rxc7 Bxh4 51. Rf7 Bg3+ 52. Kh1 Kxe4 53. d6 Ne6 54. d7 Kd5 55. Re7 Bc7 56. Kg2 h4 57. Kh3 Nf4+ 58. Kg4 h3 59. Rh7 Ne6 60. Re7 Kd6 61. Rh7 Nc5 62. d8=Q+ Bxd8 63. Rxh3 Ne6 64. Kf5 Nc7 65. Rd3+ Ke7 66. Ke5 Ne6 67. Rh3 Bc7+ 68. Kf5 Nd4+ 69. Ke4 Ne6 70. Rh7+ Kd6 71. Rh1 Nc5+ 72. Kd4 Nd7 73. Kc4 Bb6 74. Kb5 Bd4 75. Rd1 Ke5 76. Kc4 Nb6+ 77. Kd3 Nd5 78. Re1+ Ne3 79. Rh1 Nf5 80. Rh5 Bb2 81. Rh8 Bd4 82. Re8+ Kf4 83. Re4+ Kg5 84. Re8 Bf6 85. Ra8 Nd6 86. Ra6 Nf7 87. Ke4 Kg6 88. Re6 Ng5+ 89. Kd5 Kf5 90. Rxf6+ Kxf6 1/2-1/2


[Site "https://www.chess.com"]

[Event "Titled Tuesday Blitz February 14 Early 2023"]
[White "Gimenez Aguirre, Alejo Ismael"]
[Black "Ansh M Shah"]
[WhiteFideId "32041667"]
[BlackFideId "25033379"]
[WhiteElo "2273"]
[BlackElo "2171"]
[Result "1-0"]
[Round "08"]
[TimeControl "180+2"]
[Date "2023.02.14"]
[WhiteClock "0:00:14"]
[BlackClock "0:00:02"]

1. e4 c6 2. Nc3 d5 3. d4 dxe4 4. Nxe4 Bf5 5. Ng3 Bg6 6. h4 h6 7. h5 Bh7 8. Nf3 Nd7 9. Bd3 Bxd3 10. Qxd3 e6 11. c3 Ngf6 12. Ne4 Be7 13. Bf4 Nxe4 14. Qxe4 Nf6 15. Qc2 O-O 16. O-O-O Qd5 17. a3 a5 18. Be5 b5 19. Nd2 b4 20. c4 Qxg2 21. Rdg1 Qxf2 22. Rf1 Qe2 23. Re1 Qg4 24. Reg1 Qf5 25. Qb3 bxa3 26. Rf1 axb2+ 27. Qxb2 Qd3 28. Rf3 Qe2 29. Rg1 Kh8 30. Rfg3 Rg8 31. R3g2 Qxh5 32. Qb7 Ba3+ 33. Kb1 Qf5+ 34. Ka2 Bb4 35. Nb3 c5 36. Qxf7 a4 37. Na1 Raf8 38. Qb7 a3 39. Rxg7 Qf2+ 40. Kb3 Qb2+ 41. Ka4 Ra8+ 42. Kb5 Bc3+ 43. Kc6 Rgc8+ 44. Rc7 1-0


[Site "https://www.chess.com"]

[Event "Titled Tuesday Blitz February 14 Early 2023"]
[White "Zherebtsova, Alexandra"]
[Black "Sekar, B"]
[WhiteFideId "24129518"]
[BlackFideId "5043743"]
[WhiteElo "2155"]
[BlackElo "2333"]
[Result "1-0"]
[Round "08"]
[TimeControl "180+2"]
[Date "2023.02.14"]
[WhiteClock "0:00:05"]
[BlackClock "0:00:01"]

1. d4 Nf6 2. Nf3 e6 3. c4 d5 4. Nbd2 c5 5. cxd5 exd5 6. e3 Nc6 7. dxc5 Bxc5 8. Nb3 Bb6 9. Bd3 O-O 10. O-O Bg4 11. h3 Bh5 12. Be2 Ne4 13. Nbd4 Bc7 14. Nxc6 bxc6 15. Nd4 Bg6 16. Qe1 Qd6 17. g3 Rab8 18. b3 Qd7 19. Bg4 f5 20. Bf3 c5 21. Ne2 Be5 22. Rb1 Ng5 23. Bg2 f4 24. exf4 Bxb1 25. fxe5 Nxh3+ 26. Kh2 Bf5 27. Nc3 d4 28. Ne4 Bg4 29. Nxc5 Qf5 30. f3 Qc2 31. fxg4 Qxc5 32. Bxh3 Qc2+ 33. Bg2 Qxa2 34. e6 Rxf1 35. Qxf1 Qxb3 36. Qf7+ Kh8 37. Bf4 Rc8 38. Be5 Rg8 39. Qd7 Qe3 40. Bxd4 Qh6+ 41. Kg1 Qc1+ 42. Bf1 Qa3 43. e7 Qxg3+ 44. Bg2 Qe1+ 45. Kh2 Qh4+ 46. Kg1 Qe1+ 47. Kh2 Qh4+ 48. Bh3 Qe1 49. e8=Q Qxe8 50. Bxg7+ 1-0


[Site "https://www.chess.com"]

[Event "Titled Tuesday Blitz February 14 Early 2023"]
[White "Silvestre, Christian"]
[Black "Petrovic, Aleksa"]
[WhiteFideId "30956269"]
[BlackFideId "967629"]
[WhiteElo "1942"]
[BlackElo "2332"]
[Result "0-1"]
[Round "08"]
[TimeControl "180+2"]
[Date "2023.02.14"]
[WhiteClock "0:01:53"]
[BlackClock "0:01:51"]

1. Nf3 Nf6 2. c4 e6 3. Nc3 d5 4. d4 c6 5. Bg5 dxc4 6. e4 b5 7. e5 h6 8. Bh4 g5 9. Nxg5 hxg5 10. Bxg5 Nbd7 11. Ne4 Qa5+ 12. Bd2 c3 13. Nxc3 b4 14. exf6 bxc3 15. Bxc3 Bb4 16. Rc1 Bxc3+ 17. Rxc3 Qg5 18. g3 Rb8 19. Bg2 Ba6 20. Qa4 Rxb2 21. Qxa6 Qd2+ 22. Kf1 Qxf2# 0-1


[Site "https://www.chess.com"]

[Event "Titled Tuesday Blitz February 14 Early 2023"]
[White "Kanyamarala, Trisha"]
[Black "Pasti, Aron"]
[WhiteFideId "45004722"]
[BlackFideId "785857"]
[WhiteElo "2278"]
[BlackElo "2361"]
[Result "1-0"]
[Round "08"]
[TimeControl "180+2"]
[Date "2023.02.14"]
[WhiteClock "0:00:08"]
[BlackClock "0:00:03"]

1. d4 d5 2. c4 e6 3. Nc3 Nf6 4. cxd5 exd5 5. Bg5 Be7 6. e3 O-O 7. Bd3 Re8 8. Nge2 h6 9. Bh4 c6 10. O-O Nbd7 11. f3 Nf8 12. Qd2 b5 13. h3 a6 14. e4 b4 15. Na4 dxe4 16. fxe4 Nxe4 17. Bxe4 Bxh4 18. Bxc6 Bd7 19. Bxa8 Qxa8 20. Nb6 Qc6 21. Nxd7 Qxd7 22. Nf4 Re4 23. d5 Bg5 24. g3 Ng6 25. Qd3 Qa7+ 26. Kh1 Re3 27. Qf5 Rxg3 28. Nxg6 fxg6 29. Qe6+ Kh7 30. Rf8 Rxh3+ 31. Qxh3 Qc5 32. Qf3 Qd4 33. Rf1 Bf6 34. Rxf6 Qh4+ 35. Kg2 gxf6 36. Qg3 Qe4+ 37. Qf3 Qc2+ 38. Rf2 Qc5 39. Qxf6 Qxd5+ 40. Qf3 Qg5+ 41. Qg3 Qd5+ 42. Rf3 h5 43. Qf2 Kh6 44. Qe3+ Kh7 45. Qe7+ Kh6 46. Qf8+ Kg5 47. Qf4# 1-0


[Site "https://www.chess.com"]

[Event "Titled Tuesday Blitz February 14 Early 2023"]
[White "Bozorov, Makhsum"]
[Black "Lorenzo De La Riva, Lazaro"]
[WhiteFideId "14201330"]
[BlackFideId "2268809"]
[WhiteElo "2145"]
[BlackElo "2404"]
[Result "1/2-1/2"]
[Round "08"]
[TimeControl "180+2"]
[Date "2023.02.14"]
[WhiteClock "0:00:19"]
[BlackClock "0:00:15"]

1. d4 d5 2. Nf3 Nf6 3. g3 Bg4 4. Bg2 Nbd7 5. h3 Bh5 6. c4 e6 7. Nc3 c6 8. Qb3 Qb6 9. c5 Qa6 10. Bf1 b6 11. g4 Bg6 12. e4 Qc8 13. cxb6 axb6 14. e5 Ne4 15. Nxe4 Bxe4 16. Bg2 c5 17. O-O c4 18. Qd1 h5 19. Ng5 Bxg2 20. Kxg2 g6 21. Qf3 f5 22. exf6 Qc6 23. f7+ Kd8 24. Re1 e5 25. dxe5 Nc5 26. e6 Be7 27. Be3 Nd3 28. Red1 hxg4 29. hxg4 Ra5 30. Rxd3 cxd3 31. Rc1 Rc5 32. Bxc5 bxc5 33. Qf4 d4+ 34. f3 Bd6 35. Qf6+ Kc7 36. Qxh8 Qb5 37. Rf1 d2 38. Qe8 Qxf1+ 39. Kxf1 d1=Q+ 40. Kg2 Qe2+ 41. Kg1 Qe1+ 42. Kg2 Qe2+ 43. Kg1 Qe1+ 44. Kg2 Qe2+ 1/2-1/2


[Site "https://www.chess.com"]

[Event "Titled Tuesday Blitz February 14 Early 2023"]
[White "Shuvalov, Evgenij"]
[Black "Mouhamad, Joachim"]
[WhiteFideId "4187237"]
[BlackFideId "656410"]
[WhiteElo "2038"]
[BlackElo "2238"]
[Result "0-1"]
[Round "08"]
[TimeControl "180+2"]
[Date "2023.02.14"]
[WhiteClock "0:00:54"]
[BlackClock "0:00:37"]

1. d4 d5 2. c4 e6 3. Nc3 a6 4. cxd5 exd5 5. Nf3 Nf6 6. Bg5 Be6 7. e3 Nbd7 8. Bd3 c6 9. O-O Bd6 10. h3 Qc7 11. Rc1 h6 12. Bxf6 Nxf6 13. a3 O-O 14. Bb1 Qe7 15. Qd3 g6 16. Qd1 Nh5 17. Ne5 Ng7 18. g4 h5 19. f3 Qh4 20. Kg2 f6 21. Qe1 Qxe1 22. Rcxe1 fxe5 23. Bxg6 hxg4 24. hxg4 exd4 25. exd4 Bf7 26. Bc2 Rae8 27. Rd1 Bf4 28. Rh1 Ne6 29. Ne2 Bd6 30. Rh6 Nf4+ 31. Nxf4 Bxf4 32. Rf6 Re2+ 33. Kf1 Rxc2 34. Rxf4 Rxb2 35. Re1 Bg6 36. Rxf8+ Kxf8 37. Re5 Rb3 38. Kf2 Rxa3 39. f4 Be4 40. f5 a5 41. Ke2 Rg3 0-1


[Site "https://www.chess.com"]

[Event "Titled Tuesday Blitz February 14 Early 2023"]
[White "Loskutova, Viktoriya"]
[Black "Ramirez Allo, Eduardo"]
[WhiteFideId "34166278"]
[BlackFideId "2224178"]
[WhiteElo "2153"]
[BlackElo "2274"]
[Result "0-1"]
[Round "08"]
[TimeControl "180+2"]
[Date "2023.02.14"]
[WhiteClock "0:00:12"]
[BlackClock "0:00:23"]

1. e4 c5 2. Nf3 d6 3. Bb5+ Nd7 4. O-O a6 5. Bd3 Ngf6 6. c3 e6 7. Re1 Be7 8. Bc2 O-O 9. d4 Re8 10. Nbd2 cxd4 11. cxd4 b5 12. e5 dxe5 13. dxe5 Nd5 14. Ne4 Bb7 15. Nfg5 h6 16. Qh5 Nxe5 17. Nxe6 fxe6 18. Qxe5 Bf6 19. Nxf6+ Nxf6 20. Bb3 Bd5 21. Bf4 Bxb3 22. axb3 Qd5 23. Qxd5 Nxd5 24. Be5 Rec8 25. Rec1 Nb4 26. Rxc8+ Rxc8 27. Bc3 Nd5 28. Be5 Rc6 29. h3 Kf7 30. Kh2 g5 31. f3 Kg6 32. Re1 Rc2 33. Bd4 Nf4 34. Rg1 Kf5 35. Kg3 Ne2+ 0-1


[Site "https://www.chess.com"]

[Event "Titled Tuesday Blitz February 14 Early 2023"]
[White "Lehtosaari, Mauri"]
[Black "Jimenez Garcia, Emmanuel"]
[WhiteFideId "501999"]
[BlackFideId "6504779"]
[WhiteElo "2176"]
[BlackElo "2410"]
[Result "1-0"]
[Round "08"]
[TimeControl "180+2"]
[Date "2023.02.14"]
[WhiteClock "0:01:10"]
[BlackClock "0:01:02"]

1. d4 Nf6 2. Nf3 b6 3. Bg5 Bb7 4. Nbd2 e6 5. e3 Be7 6. Bd3 h6 7. Bh4 O-O 8. O-O c5 9. c3 Nc6 10. a4 d5 11. Qb1 cxd4 12. exd4 Nh5 13. Bg3 Nxg3 14. hxg3 Bd6 15. Re1 Qc7 16. Nf1 Na5 17. Qc2 Nc4 18. Ne3 Nxe3 19. Rxe3 Bc6 20. Qe2 Rfe8 21. Bc2 g6 22. Ne5 Bf8 23. Qg4 g5 24. Qh5 f6 25. Qg6+ Qg7 26. Qxg7+ 1-0


[Site "https://www.chess.com"]

[Event "Titled Tuesday Blitz February 14 Early 2023"]
[White "Degenbaev, Aziz"]
[Black "Todorovic, Bojan"]
[WhiteFideId "13802640"]
[BlackFideId "917087"]
[WhiteElo "2203"]
[BlackElo "2195"]
[Result "0-1"]
[Round "08"]
[TimeControl "180+2"]
[Date "2023.02.14"]
[WhiteClock "0:00:56"]
[BlackClock "0:00:36"]

1. e4 g6 2. d4 Bg7 3. Nc3 d6 4. Be3 a6 5. Qd2 Nd7 6. f3 b5 7. O-O-O Bb7 8. Nge2 c5 9. Nf4 cxd4 10. Bxd4 e5 11. Bf2 exf4 12. Qxd6 Be5 13. Qd2 Ngf6 14. g3 Qc7 15. Ne2 fxg3 16. hxg3 O-O 17. Qh6 Rfc8 18. Rd2 Nf8 19. Bg2 Bxe4 20. fxe4 Ng4 21. Qg5 Nxf2 22. Rf1 Nd3+ 23. Kb1 Nxb2 24. Bh3 Nc4 25. Bxc8 Nxd2+ 26. Qxd2 Rxc8 27. Nf4 Qc3 28. Qxc3 Rxc3 29. Nd5 Rxg3 30. Ne7+ Kg7 31. Nc6 Bc3 0-1


[Site "https://www.chess.com"]

[Event "Titled Tuesday Blitz February 14 Early 2023"]
[White "Kostiukov, Alexandr"]
[Black "surrenderPLS"]
[WhiteFideId "14108100"]
[WhiteElo "2271"]
[BlackElo "2491"]
[Result "0-1"]
[Round "08"]
[TimeControl "180+2"]
[Date "2023.02.14"]
[WhiteClock "0:00:03"]
[BlackClock "0:00:11"]

1. g3 Nf6 2. Bg2 c5 3. c4 g6 4. Nf3 Bg7 5. O-O O-O 6. d4 cxd4 7. Nxd4 d5 8. cxd5 Nxd5 9. Nb3 Nb4 10. Nc3 N8c6 11. e4 Qxd1 12. Rxd1 Nc2 13. Rb1 N2d4 14. Nxd4 Nxd4 15. Be3 Nc2 16. Bc5 b6 17. Bxe7 Re8 18. Nd5 Bb7 19. Rbc1 Bxd5 20. exd5 Nd4 21. d6 Ne2+ 22. Kh1 Nxc1 23. Bxa8 Rxa8 24. Rxc1 Bf8 25. Rc7 Bxe7 26. dxe7 f5 27. Kg2 Kf7 28. b4 a5 29. b5 Re8 30. Rb7 Rxe7 31. Rxb6 Re2 32. Rb7+ Kf6 33. Rxh7 Rxa2 34. Ra7 a4 35. b6 Rb2 36. b7 a3 37. Rxa3 Rxb7 38. Ra6+ Kf7 39. h4 Rb4 40. h5 gxh5 41. Rh6 Kg7 42. Rxh5 Kg6 43. Rh8 Rb3 44. Ra8 Kf6 45. Ra7 Rc3 46. Kh3 Rf3 47. Kg2 Rb3 48. f4 Rb2+ 49. Kh3 Rb8 50. Ra6+ Kf7 51. Kh4 Rg8 52. Rh6 Rg4+ 53. Kh3 Rg8 54. Rh7+ Kg6 55. Rh4 Rd8 56. Kg2 Ra8 57. Rh1 Ra2+ 58. Kh3 Ra3 59. Rd1 Ra8 60. Rd6+ Kf7 61. Kg2 Ra2+ 62. Kh3 Ra8 63. Rb6 Rc8 64. Kh4 Rg8 65. Rb3 Rg4+ 66. Kh3 Rg8 67. Kh4 Rg4+ 68. Kh5 Kf6 69. Re3 Kf7 70. Kh6 Kf6 71. Kh7 Rg7+ 72. Kh6 Rg6+ 73. Kh5 Rg8 74. Kh4 Rh8# 0-1


[Site "https://www.chess.com"]

[Event "Titled Tuesday Blitz February 14 Early 2023"]
[White "Matveeva, Olga"]
[Black "Kavutskiy, Konstantin"]
[WhiteFideId "24107018"]
[BlackFideId "2026384"]
[WhiteElo "2128"]
[BlackElo "2414"]
[Result "0-1"]
[Round "08"]
[TimeControl "180+2"]
[Date "2023.02.14"]
[WhiteClock "0:00:02"]
[BlackClock "0:01:47"]

1. d4 Nf6 2. c4 g6 3. Nf3 Bg7 4. g3 O-O 5. Bg2 d6 6. O-O Nc6 7. Nc3 e5 8. d5 Nb8 9. e4 a5 10. Ne1 Na6 11. Nd3 Nd7 12. Be3 b6 13. f4 exf4 14. gxf4 f5 15. e5 dxe5 16. fxe5 Nxe5 17. Nxe5 Bxe5 18. d6 Be6 19. Qf3 Qxd6 20. h3 Rad8 21. Rad1 Qe7 22. Nd5 Bxd5 23. Rxd5 Nc5 24. Bxc5 bxc5 25. Rfd1 Bd4+ 26. Kh1 Qf6 27. b3 Kg7 28. Re1 Rfe8 29. Rxe8 Rxe8 30. Rd7+ Kh8 31. Qd1 Qh4 32. Kh2 Qf4+ 33. Kh1 Qg3 34. Rxd4 Re1+ 0-1


[Site "https://www.chess.com"]

[Event "Titled Tuesday Blitz February 14 Early 2023"]
[White "Khamdamova, Afruza"]
[Black "Piriflillo"]
[WhiteFideId "14210444"]
[WhiteElo "2162"]
[BlackElo "2337"]
[Result "1-0"]
[Round "08"]
[TimeControl "180+2"]
[Date "2023.02.14"]
[WhiteClock "0:00:39"]
[BlackClock "0:00:03"]

1. e4 c5 2. Nf3 Nc6 3. Bb5 e6 4. O-O Nge7 5. Nc3 a6 6. Be2 g6 7. d4 cxd4 8. Nxd4 Bg7 9. Be3 O-O 10. Qd2 d5 11. Nxc6 bxc6 12. Rad1 Bb7 13. Bh6 Qa5 14. Bxg7 Kxg7 15. Qd4+ f6 16. b4 Qc7 17. Na4 e5 18. Qc5 dxe4 19. Qc4 Nd5 20. Rxd5 Qf7 21. Rd6 Rfd8 22. Rfd1 Rxd6 23. Rxd6 Qe7 24. Qc5 Rd8 25. Rxd8 Qxd8 26. Qb6 Qd2 27. Qxb7+ Kh6 28. Qxa6 f5 29. Qc4 Qe1+ 30. Bf1 f4 31. Qxc6 e3 32. fxe3 Qxe3+ 33. Kh1 e4 34. Qc3 Qf2 35. Qh3+ Kg7 36. Qd7+ Kh6 37. Qd1 g5 38. Nc5 e3 39. Ne4 Qh4 40. Qd6+ Kh5 41. Nf6+ Kg6 42. Ne4+ Kf5 43. Qd5+ Kg6 44. Qe6+ Kh5 45. Be2+ g4 46. Bxg4+ Qxg4 47. Nf6+ 1-0


[Site "https://www.chess.com"]

[Event "Titled Tuesday Blitz February 14 Early 2023"]
[White "Manukyan, Artyom"]
[Black "Fan_Of_Chucky"]
[WhiteFideId "13305786"]
[WhiteElo "2110"]
[BlackElo "2323"]
[Result "0-1"]
[Round "08"]
[TimeControl "180+2"]
[Date "2023.02.14"]
[WhiteClock "0:00:04"]
[BlackClock "0:00:07"]

1. e4 c5 2. Nc3 e6 3. g3 a6 4. Bg2 b5 5. Nge2 Bb7 6. O-O d6 7. d4 cxd4 8. Nxd4 Nf6 9. a3 Qc7 10. Re1 Be7 11. h3 O-O 12. g4 Nc6 13. Nde2 Rad8 14. g5 Nd7 15. Ng3 Nb6 16. f4 d5 17. e5 d4 18. Nce4 Na5 19. Qg4 Kh8 20. Re2 Nd5 21. Nh5 Ne3 22. Bxe3 dxe3 23. Rf1 Nc4 24. Qh4 Nd2 25. Nhf6 Bxf6 26. gxf6 Nxe4 27. fxg7+ Kxg7 28. f5 exf5 29. Bxe4 Bxe4 30. Qf6+ Kg8 31. Kh2 f4 32. Rxf4 Bg6 33. h4 Rd2 34. h5 Rxe2+ 35. Kg3 Qxc2 36. h6 Rg2+ 37. Kh3 Rh2+ 38. Kg4 Qg2# 0-1


[Site "https://www.chess.com"]